 Dungeon Crawl Stone Soup version 0.30-b1-2-g02819fbbbe (webtiles) character file.

Game seed: 13720638220679468619

130 raph the Chopper (level 5, -2/45 HPs)
             Began as a Hill Orc Fighter on Oct 10, 2023.
             Slain by Eustachio
             ... wielding a +0 falchion
              (3 damage)
             ... on level 3 of the Dungeon.
             The game lasted 00:03:00 (2261 turns).

raph the Chopper (Hill Orc Fighter)                 Turns: 2261, Time: 00:03:01

Health: -2/45      AC: 10    Str: 19    XL:     5   Next: 13%
Magic:  5/5        EV:  9    Int:  8    God:
Gold:   78         SH:  5    Dex: 14    Spells: 4/4 levels left

rFire   . . .        a - +0 war axe
rCold   . . .        c - +0 buckler
rNeg    . . .        b - +0 scale mail
rPois   .            n - +2 hat
rElec   .            k - +0 cloak
rCorr   .            (no gloves)
SInv    .            (no boots)
Will    .....        m - amulet of Moral Flaws {Faith Dex+2} Stlth
                     (no ring)
HPRegen 0.27/turn    (no ring)
MPRegen 0.09/turn

%: faith
@: mighty
A: no striking features
a: no special abilities


You were on level 3 of the Dungeon.
You visited 1 branch of the dungeon, and saw 4 of its levels.

You collected 178 gold pieces.
You spent 100 gold pieces at shops.

Inventory:

Hand Weapons
 a - a +0 war axe (weapon)
Missiles
 f - 3 poisoned darts (quivered)
Armour
 b - a +0 scale mail (worn)
 c - a +0 buckler (worn)
 k - a +0 cloak (worn)
 n - a +2 hat (worn)
Jewellery
 m - the amulet of Moral Flaws (around neck) {Faith Dex+2}
   (You bought it in a shop on level 3 of the Dungeon)

   [amulet of faith]

   It allows you to gain divine favour quickly.
   Dex:       It affects your dexterity (+2).
Scrolls
 g - a scroll of blinking
 l - a scroll of magic mapping
Potions
 e - a potion of attraction {unknown}
 h - a potion of mutation {unknown}
 j - 2 potions of curing


   Skills:
 - Level 3.6 Fighting
 + Level 6.8 Axes
 - Level 3.2 Armour
 - Level 3.2 Shields


You had 4 spell levels left.
You didn't know any spells.
Your spell library contained the following spells:

 Spells                   Type           Power      Damage    Failure   Level
 Magic Dart               Conj           0%         1d3       85%         1
 Call Imp                 Summ           0%         N/A       94%         2
 Mephitic Cloud           Conj/Pois/Air  0%         N/A       99%         3


Dungeon Overview and Level Annotations

Branches:
Dungeon (4/15)
 Temple: D:4-7

Altars:
Sif Muna

Shops:
D:3 *

Annotations:
D:3 Eustachio


Message History

Press: ? - help, Q - select action Shift-Dir - straight line, f - Eustachio
Aim: Eustachio, wielding a +0 falchion and wearing a +0 leather armour (severely wounded, 48% to hit)
You throw a poisoned dart. The poisoned dart misses Eustachio.
The white imp gestures at you.
The puff of frost hits you but does no damage.
Throw: 4 darts (poison)
Press: ? - help, Q - select action Shift-Dir - straight line, f/p - Eustachio
Aim: Eustachio, wielding a +0 falchion and wearing a +0 leather armour (severely wounded, 48% to hit)
You throw a poisoned dart. The poisoned dart hits Eustachio.
Eustachio is severely wounded.
Eustachio hits you with a +0 falchion. The white imp gestures at you.
The puff of frost hits you!
You closely miss Eustachio.
Eustachio is severely wounded.
You hit the white imp. Eustachio hits you with a +0 falchion!
* * * LOW HITPOINT WARNING * * *
You block the white imp's attack. Eustachio hits you with a +0 falchion.
* * * LOW HITPOINT WARNING * * *
You barely miss Eustachio.
Eustachio is severely wounded.
You closely miss the white imp. The white imp gestures at you.
The puff of frost hits you.
* * * LOW HITPOINT WARNING * * *
Eustachio hits you but does no damage.
You feel very mighty all of a sudden. You block the white imp's attack.
You block Eustachio's attack.
You barely miss Eustachio.
Eustachio is severely wounded.
You barely miss the white imp. You block the white imp's attack.
Eustachio casts a spell.
Eustachio blinks!
The white imp attacks as you move away! The white imp barely misses you.
The white imp attacks as you move away! The white imp hits you.
* * * LOW HITPOINT WARNING * * *
The white imp freezes you.
* * * LOW HITPOINT WARNING * * *
Eustachio hits you with a +0 falchion.
You die...

#.......# #.......#####
#...........#
#......)###.#
###.......#.#
#.......#.#####
#.......#.....#####
#.########........# #.#
#...@..[.# ####.#
#..@5..[>### #....#
####(..(ยง...[.# #....#
#...........#.# .....#
#...........#.#
##########.............#
#.............####.....#
...#######....#
#.....#######
#####...##....#
#...........#


You could see Eustachio and a white imp (summoned).

Vanquished Creatures
  An orc wizard (D:3)
  5 adders (D:2)
  A worm (D:2)
  A dart slug (D:3)
  3 orcs
  6 endoplasms
  A giant cockroach (D:3)
  8 goblins
  4 hobgoblins
  4 jackals (D:3)
  3 ball pythons (D:2)
  5 bats
  3 frilled lizards
  3 kobolds
  3 rats
51 creatures vanquished.

Notes
Turn   | Place    | Note
-------+----------+-------------------------------------------
     0 | D:1      | raph the Hill Orc Fighter began the quest for the Orb.
     0 | D:1      | Reached XP level 1. HP: 19/19 MP: 1/1
    26 | D:1      | Reached skill level 3 in Axes
   362 | D:1      | Reached XP level 2. HP: 25/26 MP: 2/2
   869 | D:2      | Reached skill level 4 in Axes
   949 | D:2      | Reached XP level 3. HP: 21/31 MP: 3/3
   954 | D:2      | Reached skill level 5 in Axes
  1206 | D:2      | Reached XP level 4. HP: 39/39 MP: 4/4
  1327 | D:2      | Reached skill level 6 in Axes
  1899 | D:3      | Found a shimmering blue altar of Sif Muna.
  2034 | D:3      | Found Icwigre's Assorted Antiques.
  2045 | D:3      | Bought a crude iron amulet for 100 gold pieces
  2045 | D:3      | Identified the amulet of Moral Flaws {Faith Dex+2} (You
                  | bought it in a shop on level 3 of the Dungeon)
  2183 | D:4      | Noticed Eustachio
  2195 | D:3      | Reached XP level 5. HP: 34/45 MP: 5/5
  2261 | D:3      | HP: 1/45 [white imp[Eustachio] (4)]
  2261 | D:3      | Slain by Eustachio

Illustrated notes

Levels and vault maps discovered:
D:1:      tarquinn_simple_flora_water_f, layout_loops_ring, minmay_unequal
D:2:      layout_rooms, st_stairs_9
D:3:      layout_basic, mainiacjoe_overflow_alcove_4, serial_shops, shop
D:4:      layout_rooms, lemuel_coloured_pillars_altar,
          chequers_temple_overflow_statue_of_worship,
          nicolae_ossuary_entry_monument, minmay_statues_item, hellmonk_no_cap,
          uniq_eustachio

Skill      XL: |  1  2  3  4 |
---------------+-------------+-----
Axes           | 3 4 5 6 |  6.8
Fighting       | |  3.6
Armour         | |  3.2
Shields        | |  3.2

Action                     |  1- 3 |  4- 6 || total
---------------------------+-------+-------++-------
  Melee: War axe           |    61 |    68 ||   129
  Throw: Dart              |       |     2 ||     2
    Use: Scroll            |       |     7 ||     7
         Potion            |       |     1 ||     1
 Armour: Scale mail        |    29 |    29 ||    58
  Dodge: Dodged            |    24 |    36 ||    60
  Block: Buckler           |    13 |    19 ||    32
